 Dungeon Crawl Stone Soup version 0.27.1-33-g824d729ab1 (webtiles) character file.

Game seed: 503330210961769467

22 Robert the Gusty (level 2, 0/11 HPs)
             Began as a Felid Air Elementalist on Dec 5, 2021.
             Was a Follower of Yredelemnul.
             Slain by a bullfrog skeleton (5 damage)
             ... on level 2 of the Dungeon.
             The game lasted 00:10:03 (1026 turns).

Robert the Gusty (Felid Air Elementalist)           Turns: 1026, Time: 00:10:11

Health: 0/11       AC:  1    Str:  4    XL:     2   Next: 68%
Magic:  0/6        EV: 17    Int: 16    God:    Yredelemnul [*.....]
Gold:   39         SH:  0    Dex: 16    Spells: 2/5 levels left
                                        Lives:  0   Deaths: 0

rFire    . . .     SeeInvis +   (weapon unavailable)
rCold    . . .     Faith    .   (shield unavailable)
rNeg     + . .     Spirit   .   (armour unavailable)
rPois    .         Reflect  .   (helmet unavailable)
rElec    .         Harm     .   (cloak unavailable)
rCorr    .         Rampage  .   (gloves unavailable)
Will     .....                  (boots unavailable)
Stlth    ++........             d - amulet of regeneration
HPRegen  1.03/turn              a - ring of positive energy
MPRegen  0.10/turn              c - ring of wizardry

@: quick
A: very small, claws 1, fangs 3, see invisible, speed 1, shaggy fur 1, stealthy
paws, no weapons or thrown items, no armour, multi-lived
a: Renounce Religion, Animate Remains


You were on level 2 of the Dungeon.
You worshipped Yredelemnul.
Yredelemnul was aware of your devotion.
You visited 1 branch of the dungeon, and saw 2 of its levels.

You collected 39 gold pieces.

Inventory:

Jewellery
 a - a ring of positive energy (left paw)
 c - a ring of wizardry (right paw)
 d - an amulet of regeneration (around neck)
Potions
 e - a potion of curing {unknown}


   Skills:
 + Level 3.0 Dodging
 + Level 3.0 Stealth
 + Level 2.2 Spellcasting
 + Level 1.0 Conjurations
 + Level 3.2 Air Magic
 + Level 0.1 Invocations


You had 2 spell levels left.
You knew the following spells:

 Your Spells              Type           Power      Damage    Failure   Level
a - Shock                 Conj/Air       32%        1d5       3%          1
b - Static Discharge      Conj/Air       8%         N/A       5%          2

Your spell library contained the following spells:

 Spells                   Type           Power      Damage    Failure   Level
 Passwall                 Tmut/Erth      0%         N/A       12%         2
 Swiftness                Air            12%        N/A       6%          3
 Airstrike                Air            6%         N/A       21%         4
 Inner Flame              Hex/Fire       1%         N/A       24%         3
 Ozocubu's Armour         Ice            1%         N/A       24%         3
 Sticky Flame             Conj/Fire      3%         2d3       52%         4
 Bolt of Magma            Conj/Fire/Erth 1%         4d4       86%         5
 Statue Form              Tmut/Erth      0%         N/A       100%        6
 Ozocubu's Refrigeration  Ice            0%         4d5       100%        7


Dungeon Overview and Level Annotations

Branches:
Dungeon (2/15)

Altars:
Yredelemnul

Annotations:
D:2 Robin


Innate Abilities, Weirdness & Mutations

You have sharp claws.
You have razor-sharp teeth.
You have supernaturally acute eyesight. (SInv)
You cover ground quickly. (Speed+)
You are covered in fur. (AC +1)
Your paws help you pounce on unaware monsters.
You are incapable of wielding weapons or throwing items.
You cannot wear armour.
You gain extra lives every three experience levels.


Message History

Casting: Shock (safe; 3% risk of failure)
Confirm with . or Enter, or press ? or * to list all spells.
Aiming: Shock (safe; 3% risk of failure)
Press: ? - help, Shift-Dir - straight line, f/p - kobold
Aim: a kobold, wielding a +0 short sword (ally target, 60% to hit)
Okay, then.
Your rat zombie misses the kobold.
You scratch the kobold. You bite the kobold.
You kill the kobold!
Yredelemnul accepts your kill. The bat completely misses you.
The bat hits your rat zombie.
Your rat zombie barely misses the bat.
You scratch the hobgoblin but do no damage.
The bat misses you. The hobgoblin hits you.
Casting: Shock (safe; 3% risk of failure)
Confirm with . or Enter, or press ? or * to list all spells.
Aiming: Shock (safe; 3% risk of failure)
Press: ? - help, Shift-Dir - straight line, f - hobgoblin
Aim: a hobgoblin, wearing a +0 ring mail (72% to hit)
The zap misses the hobgoblin.
The hobgoblin misses you. The bat closely misses you.
You closely miss the hobgoblin. The bat barely misses you.
The bat hits your rat zombie. The hobgoblin hits you.
Your rat zombie bites the bat.
You barely miss the hobgoblin. The bat closely misses you. The bat misses you.
The hobgoblin hits you.
You closely miss the hobgoblin. The hobgoblin misses you.
The goblins go into a battle-frenzy!
The hobgoblin hits you.
Ouch! That really hurt!
* * * LOW HITPOINT WARNING * * *
The bullfrog skeleton closely misses you.
Your rat zombie misses the bat.
As you read the scroll of fear, it crumbles to dust.
You assume a fearsome visage.
The hobgoblin looks frightened!
The bat looks frightened!
The hobgoblin looks frightened!
The goblin looks frightened!
The bullfrog skeleton is unaffected.
The bullfrog skeleton hits you.
You die...
Your body rises from the dead as a mindless zombie.

#...........#########
##...........#
............#
#.....g....#
#...b....#
##....Z...####
#....)........
#...ggZ....#..
#....@.......#
#..........##
#..........#
##...>....##
#########.......#
######.....).<....####
.....>.....###..###
#######.####
##........ #######.#
#########


You could see 2 hobgoblins, a goblin (strong, fleeing), a bat (fleeing, ally
target), a bullfrog skeleton and a friendly rat zombie.

Vanquished Creatures
  A ball python (D:1)
  2 endoplasms (D:1)
  6 goblins (D:1)
  A hobgoblin (D:1)
  2 quokkas (D:1)
  2 bats (D:1)
  2 kobolds (D:2)
  4 rats
20 creatures vanquished.

Vanquished Creatures (collateral kills)
  A goblin (D:1)
1 creature vanquished.

Vanquished Creatures (others)
  A human skeleton (D:1)
  A rat zombie (D:1)
2 creatures vanquished.

Grand Total: 23 creatures vanquished

Notes
Turn   | Place    | Note
-------+----------+-------------------------------------------
     0 | D:1      | Robert the Felid Air Elementalist began the quest for the
                  | Orb.
     0 | D:1      | Reached XP level 1. HP: 7/7 MP: 4/4
   195 | D:1      | Found a faded altar of an unknown god.
   202 | D:1      | Became a worshipper of Yredelemnul the Dark
   202 | D:1      | Reached * piety under Yredelemnul
   375 | D:1      | Reached XP level 2. HP: 11/11 MP: 0/6
   495 | D:1      | Learned a level 2 spell: Static Discharge
   744 | D:2      | Noticed Robin
   801 | D:1      | Reached skill level 1 in Conjurations
   967 | D:2      | Identified a scroll of acquirement
   967 | D:2      | Acquired the Papyrus of Torrid Stones
  1026 | D:2      | Slain by a bullfrog skeleton

Illustrated notes

Levels and vault maps discovered:
D:1:      mrwooster_arrival_arrow, layout_basic,
          dreamdust_ecumenical_altar_hidden_monk_grotto,
          chequers_serial_rivers_micro_e, chequers_jeans
D:2:      layout_rooms, uniq_crazy_yiuf_cottage, uniq_robin

Skill      XL: |  1  2 |
---------------+-------+-----
Air Magic      | 3 |  3.2
Dodging        | 3 |  3.0
Conjurations   | 1 |  1.0
Stealth        | 3 |  3.0
Spellcasting   | |  2.2
Invocations    | |  0.1

Action                   || total
-------------------------++-------
Melee: Unarmed           ||    16
       Bite              ||     2
 Cast: Shock             ||    26
       Static Discharge  ||     3
Invok: Animate Remains   ||     7
  Use: Scroll            ||     4
 Stab: Sleeping          ||     1
Armor: Skin              ||     2
Dodge: Dodged            ||    20
